 Dungeon Crawl Stone Soup version 0.31-a0-1301-g7e11add784 (webtiles) character file.

Game seed: 6529065323829977354

193 Ge0ff the Gusty (level 5, -14/55 HPs)
             Began as a Vampire Air Elementalist on Dec 19, 2023.
             Demolished by an ogre
             ... wielding a +0 giant club
              (18 damage)
             ... on level 4 of the Dungeon.
             The game lasted 00:11:22 (4918 turns).

Ge0ff the Gusty (Vampire Air Elementalist)          Turns: 4918, Time: 00:11:23

Health: -14/55     AC: 22    Str:  7    XL:     5   Next: 43%
Magic:  7/8        EV:  2    Int: 19    God:
Gold:   187        SH:  0    Dex: 15    Spells: 5/8 levels left

rFire   . . .        a - +0 short sword
rCold   . . .        (no shield)
rNeg    . . .        U - melded +0 robe
rPois   +            (helmet currently unavailable)
rElec   .            B - melded +1 cloak
rCorr   .            E - melded +0 pair of gloves
SInv    +            (boots currently unavailable)
Will    .....        A - amulet of regeneration
Stlth   ++           (no ring)
HPRegen 1.29/turn    (no ring)
MPRegen 0.11/turn

%: no passive effects
@: tree-form, healing quickly
A: stationary, stasis, torment immunity, boosted hp, alive, (fangs 3), see
invisible, vampiric 2
a: Exsanguinate


You were on level 4 of the Dungeon.
You were a tree.
You visited 1 branch of the dungeon, and saw 4 of its levels.

You collected 187 gold pieces.

Inventory:

Hand Weapons
 a - a +0 short sword (weapon)
 S - a +0 sling
Missiles
 y - 3 atropa-tipped darts
 W - 30 stones
Armour
 B - a +1 cloak (melded)
 E - a +0 pair of gloves (melded)
 U - a +0 robe (melded)
Magical Staves
 H - a staff of cold
 X - a staff of fire
Jewellery
 A - an amulet of regeneration (around neck)
 G - the ring "Emawyel" {rPois Will+ Int-3 Dex+3}
   (You found it on level 2 of the Dungeon)

   [ring of willpower]

   Int-3:     It affects your intelligence (-3).
   Dex+3:     It affects your dexterity (+3).
   rPois:     It protects you from poison Will+: It increases your willpower.
 M - an amulet of the acrobat
Scrolls
 C - a scroll of silence {unknown}
 N - 2 scrolls of revelation {unknown}
 Q - a scroll of blinking {unknown}
 R - a scroll of immolation {unknown}
 T - 3 scrolls of teleportation
Potions
 b - 3 potions of haste {unknown}
 z - a potion of curing {unknown}
 F - 2 potions of heal wounds {unknown}
 I - a potion of mutation {unknown}
 L - 2 potions of lignification
 P - a potion of might {unknown}
 V - a potion of attraction {unknown}
 Y - a potion of resistance {unknown}
 Z - 5 potions of degeneration {unknown}


   Skills:
 - Level 1.0 Fighting
 - Level 2.1 Dodging
 - Level 3.0 Stealth
 + Level 2.3 Spellcasting
 + Level 2.2 Conjurations
 - Level 5.0 Air Magic


You had 5 spell levels left.
You knew the following spells:

 Your Spells              Type           Power      Damage    Failure   Level
k - Shock                 Conj/Air       64%        1d7       3%          1
C - Static Discharge      Conj/Air       32%        3-5/arc   5%          2

Your spell library contained the following spells:

 Spells                   Type           Power      Damage    Failure   Level
 Swiftness                Air            21%        N/A       6%          3
 Slow                     Hex            8%         N/A       16%         1
 Airstrike                Air            10%        2d(2-18)  21%         4
 Confusing Touch          Hex            2%         N/A       43%         3
 Frozen Ramparts          Ice            4%         1d1       43%         3
 Sigil of Binding         Hex            2%         N/A       43%         3
 Vampiric Draining        Necr           2%         2d6       43%         3
 Leda's Liquefaction      Tmut/Erth      1%         N/A       85%         4
 Petrify                  Tmut/Erth      2%         N/A       85%         4
 Metabolic Englaciation   Hex/Ice        1%         N/A       99%         5


Dungeon Overview and Level Annotations

Branches:
Dungeon (4/15) Zot: 19081
 Temple: D:4-7

Altars:
Gozag
Makhleb
Wu Jian

Annotations:
D:4 Dowan, Duvessa


Innate Abilities, Weirdness & Mutations

You are a tree.
Your roots penetrate the ground, keeping you stationary.
You cannot be teleported.
You are immune to unholy pain and torment.
Your maximum health is greatly increased.
Your equipment is partially melded.
Your natural rate of healing is accelerated.
((You have razor-sharp teeth.))
You have supernaturally acute eyesight. (SInv)
You are afflicted with vampirism and can become a bat while bloodless.


Message History

The zap hits the ogre.
The ogre is lightly wounded.
The zap hits the ogre.
The ogre is moderately wounded.
Casting: Shock (safe; 3% risk of failure)
Confirm with . or Enter, or press ? or * to list all spells.
Aiming: Shock (safe; 3% risk of failure)
Press: ? - help, Shift-Dir - straight line, p - ogre The zap hits the ogre.
The ogre is moderately wounded.
The zap hits the ogre.
The ogre is moderately wounded.
Casting: Shock (safe; 3% risk of failure)
Confirm with . or Enter, or press ? or * to list all spells.
The ogre is struck by an arc of lightning.
The ogre is heavily wounded.
You are struck by an arc of lightning.
The ogre is struck by an arc of lightning.
The ogre is heavily wounded.
The lightning grounds out.
The ogre hits you with a +0 giant club!!
Ouch! That really hurt!
* * * LOW HITPOINT WARNING * * *
Casting: Static Discharge (safe; 5% risk of failure)
Confirm with . or Enter, or press ? or * to list all spells.
The ogre is struck by an arc of lightning.
The ogre is severely wounded.
You are struck by an arc of lightning.
* * * LOW HITPOINT WARNING * * *
The lightning grounds out.
Casting: Static Discharge (safe; 5% risk of failure)
Confirm with . or Enter, or press ? or * to list all spells.
Aiming: Shock (safe; 3% risk of failure)
Press: ? - help, Shift-Dir - straight line The zap hits the ogre.
The ogre is severely wounded.
The ogre closely misses you.
You turn into a tree.
Your +1 cloak melds into your body.
Your +0 pair of gloves melds into your body.
Your +0 robe melds into your body.
Your roots penetrate the ground.
The ogre hits you with a +0 giant club!
* * * LOW HITPOINT WARNING * * *
Magic courses through your body.
Casting: Shock (safe; 3% risk of failure)
Confirm with . or Enter, or press ? or * to list all spells.
Aiming: Shock (safe; 3% risk of failure)
Press: ? - help, Shift-Dir - straight line The zap misses the ogre.
The ogre hits you with a +0 giant club!!
You die...

####.###.# #......##....#
......##.# #......##....#######
#......#.# #......##...........
#......#.#####..........)........
#...................###'#........
....................# #.#........
...............###### #.+........
.........#####.########.#........
...............O♣............>###
...#..########.########.###.#.#
...#........##.## #.# #.#.#
................# #.# #.#.#
.####.####...#..#######.###.#.###
..... .......#....#..............
##### ##...........###.#####.###
### ##..#..##.#.###.......... ..#
###....(.#.......#####.###


You could see an ogre.

Vanquished Creatures
  An orc priest (D:4)
  5 adders
  4 gnolls
  2 dart slugs
  2 orcs
  2 bats (D:1)
  8 endoplasms
  5 giant cockroaches
  5 goblins
  7 hobgoblins
  3 quokkas
  4 ball pythons
  4 frilled lizards
  A kobold (D:3)
  5 rats
58 creatures vanquished.

Vanquished Creatures (others)
  An orc wizard (D:4)
1 creature vanquished.

Grand Total: 59 creatures vanquished

Notes
Turn   | Place    | Note
-------+----------+-------------------------------------------
     0 | D:1      | Ge0ff the Vampire Air Elementalist began the quest for the
                  | Orb.
     0 | D:1      | Reached XP level 1. HP: 13/13 MP: 3/3
   301 | D:1      | Reached skill level 1 in Conjurations
   454 | D:1      | Reached XP level 2. HP: 15/20 MP: 1/5
   747 | D:1      | Reached skill level 1 in Fighting
  1667 | D:2      | Learned a level 2 spell: Static Discharge
  1842 | D:2      | Gained mutation: You are afflicted with vampirism and can
                  | become a bat while bloodless. [Vampire growth]
  1842 | D:2      | Reached XP level 3. HP: 15/26 MP: 0/6
  1906 | D:2      | Identified the ring "Emawyel" {rPois Will+ Int-3 Dex+3}
  2036 | D:2      | Found an opulent altar of Gozag.
  2509 | D:3      | Found an ornate altar of the Wu Jian Council.
  3070 | D:3      | Reached XP level 4. HP: 32/32 MP: 2/7
  3466 | D:3      | Found a burning altar of Makhleb.
  3495 | D:4      | Reached skill level 4 in Air Magic
  3892 | D:4      | Reached skill level 5 in Air Magic
  3892 | D:4      | Reached XP level 5. HP: 37/37 MP: 0/8
  4004 | D:4      | Noticed Duvessa
  4004 | D:4      | Noticed Dowan
  4902 | D:4      | Noticed an ogre
  4916 | D:4      | HP: 1/55 [ogre/+0 giant club (16)]
  4918 | D:4      | Demolished by an ogre

Illustrated notes

Levels and vault maps discovered:
D:1:      roadster_arrival_rocket_large, layout_basic
D:2:      layout_basic, basic_altar
D:3:      layout_loops_ring, mainiacjoe_overflow_six_doors_small,
          nzn_wu_jian_contemplation
D:4:      layout_basic, uniq_duvessa

Skill      XL: |  1  2  3  4 |
---------------+-------------+-----
Conjurations   | 1 2 |  2.2
Fighting       | 1 |  1.0
Air Magic      | 5 |  5.0
Dodging        | |  2.1
Stealth        | |  3.0
Spellcasting   | |  2.3

Action                     |  1- 3 |  4- 6 || total
---------------------------+-------+-------++-------
  Melee: Unarmed           |     7 |       ||     7
         Short sword       |   200 |     2 ||   202
         Bite              |    39 |       ||    39
         Punch             |     5 |       ||     5
   Cast: Shock             |    95 |    64 ||   159
         Static Discharge  |       |     4 ||     4
    Use: Scroll            |     1 |     3 ||     4
         Potion            |       |     2 ||     2
 Armour: Robe              |    10 |    15 ||    25
         Skin              |       |     2 ||     2
  Dodge: Dodged            |    16 |    12 ||    28

Table legend: (Time is in decaauts)
 A = Elapsed time spent in this place.
 B = Non-inter-level travel time spent in this place.
 C = Inter-level travel time spent in this place.
 D = Time resting spent in this place.
 E = Time spent auto-exploring this place.
 F = Levels seen in this place.
 G = Mean time per level.
                   A        B        C        D        E       F      G
               +--------+--------+--------+--------+--------+-----+--------+
         Total |   4918 |   4750 |    168 |    483 |   3269 |   4 | 1229.5 |
       Dungeon |   4918 |   4750 |    168 |    483 |   3269 |   4 | 1229.5 |
               +--------+--------+--------+--------+--------+-----+--------+

Top non-repeatable levels by time:
     D:1: 1660 daAuts
     D:4: 1238 daAuts
     D:3: 1191 daAuts
     D:2: 827 daAuts
